 Dungeon Crawl Stone Soup version 0.22-a0-179-gb5258fd (webtiles) character file.

43 wolfsongas the Nimble (level 3, 0/28 HPs)
             Began as a Gnoll Wanderer on Feb 13, 2018.
             Slain by Natasha (8 damage)
             ... on level 2 of the Dungeon.
             The game lasted 00:01:39 (1276 turns).

wolfsongas the Nimble (Gnoll Wanderer)              Turns: 1276, Time: 00:01:40

Health: 0/28       AC:  2    Str: 14 (15) XL:     3   Next: 58%
Magic:  4/4        EV: 18    Int: 10 (12) God:
Gold:   60         SH:  0    Dex: 15 (16) Spells: 3/3 levels left

rFire    . . .     SeeInvis .   a - +3 short sword
rCold    . . .     Gourm    .   (no shield)
rNeg     . . .     Faith    .   d - +0 robe
rPois    .         Spirit   .   (no helmet)
rElec    .         Reflect  .   (no cloak)
rCorr    .         Harm     .   (no gloves)
MR       .....                  (no boots)
Stlth    +++.......             (no amulet)
HPRegen  0.09/turn              i - ring of stealth
MPRegen  0.09/turn              (no ring)

@: slowed, very slow
A: distributed training, fangs 1, strong nose
a: no special abilities


You were on level 2 of the Dungeon.
You were full.

You visited 1 branch of the dungeon, and saw 2 of its levels.

You collected 60 gold pieces.

Inventory:

Hand Weapons
 a - a +3 short sword (weapon)
Armour
 d - a +0 robe (worn)
Jewellery
 i - a ring of stealth (left hand)
Scrolls
 b - a scroll of teleportation
Potions
 c - 2 potions of lignification
Comestibles
 f - 4 rations
 g - 14 chunks of flesh


   Skills:
 + Level 2.6 Fighting
 + Level 4.5 Short Blades
 + Level 0.8 Long Blades
 + Level 0.8 Axes
 + Level 0.8 Maces & Flails
 + Level 2.6 Polearms
 + Level 0.8 Staves
 + Level 0.8 Slings
 + Level 0.8 Bows
 + Level 0.8 Crossbows
 + Level 2.6 Throwing
 + Level 0.8 Armour
 + Level 8.5 Dodging
 + Level 0.8 Stealth
 + Level 0.8 Shields
 + Level 0.8 Unarmed Combat
 + Level 0.8 Spellcasting
 + Level 0.5 Conjurations
 + Level 0.5 Hexes
 + Level 0.5 Charms
 + Level 0.5 Summonings
 + Level 0.5 Necromancy
 + Level 0.5 Translocations
 + Level 0.5 Transmutations
 + Level 0.5 Fire Magic
 + Level 0.5 Ice Magic
 + Level 0.5 Air Magic
 + Level 0.5 Earth Magic
 + Level 0.5 Poison Magic
 + Level 1.0 Invocations
 + Level 2.6 Evocations


You had 3 spell levels left.
You didn't know any spells.

Dungeon Overview and Level Annotations

Branches:
Dungeon (2/15)

Altars:

Annotations:
D:2 Natasha


Innate Abilities, Weirdness & Mutations

Your experience applies equally to all skills.
You have very sharp teeth.
Your uncanny sense of smell can sniff out nearby items.


Message History

You are too injured to fight recklessly!
You are too injured to fight recklessly!
You are too injured to fight recklessly!
You are too injured to fight recklessly!
You are too injured to fight recklessly!
You closely miss Natasha.
Natasha is severely wounded.
Natasha claws you but does no damage. The white imp misses you.
Natasha mumbles some strange words.
A frilled lizard comes into view.
You closely miss Natasha.
Natasha is severely wounded.
The white imp gestures at you. The puff of frost hits you!
* * * LOW HITPOINT WARNING * * *
Natasha barely misses you. The white imp closely misses you.
You barely miss Natasha.
Natasha is severely wounded.
Natasha claws you!
You die...

##### ######...##
.....'....# ######....#
##### ##<#.# #...# #.#.#
##...# #.#.# #..5.#
#######.#.####†..h#.#l##
..............†.@5......
........#.###†#####.###.
### #########(. #.# #<#
#.. #.# #.# #...#.# #.#
#.# #...... ∆#.#
..###...#.## #.# #.#...
... #.# ...#####.#
############.#


You could see Natasha, 2 white imps and a frilled lizard (wandering).

Vanquished Creatures
  A dart slug (D:1)
  7 goblins
  5 hobgoblins
  12 jackals (D:2)
  5 frilled lizards
  4 kobolds
  3 rats
37 creatures vanquished.

Notes
Turn   | Place    | Note
-------+----------+-------------------------------------------
     0 | D:1      | wolfsongas the Gnoll Wanderer began the quest for the Orb.
     0 | D:1      | wolfsongas set off with: a +2 short sword, a scroll of teleportation, a potion of lignification, a +0 robe, a ration
     0 | D:1      | Reached XP level 1. HP: 17/17 MP: 2/2
   162 | D:1      | Reached XP level 2. HP: 23/23 MP: 3/3
  1105 | D:2      | Reached XP level 3. HP: 24/28 MP: 4/4
  1263 | D:2      | Reached skill level 1 in Invocations
  1264 | D:2      | Noticed Natasha
  1276 | D:2      | Slain by Natasha

Vault maps used:
D:1:      nicolae_arrival_somewhat_less_tricky_arrival, minmay_pentomino_w2
D:2:      uniq_natasha

Skill      XL: |  1  2  3 |
---------------+----------+-----
Invocations    | 1 |  1.0
Fighting       | |  2.6
Short Blades   | |  4.5
Long Blades    | |  0.8
Axes           | |  0.8
Maces & Flails | |  0.8
Polearms       | |  2.6
Staves         | |  0.8
Slings         | |  0.8
Bows           | |  0.8
Crossbows      | |  0.8
Throwing       | |  2.6
Armour         | |  0.8
Dodging        | |  8.5
Stealth        | |  0.8
Shields        | |  0.8
Unarmed Combat | |  0.8
Spellcasting   | |  0.8
Conjurations   | |  0.5
Hexes          | |  0.5
Charms         | |  0.5
Summonings     | |  0.5
Necromancy     | |  0.5
Translocations | |  0.5
Transmutations | |  0.5
Fire Magic     | |  0.5
Ice Magic      | |  0.5
Air Magic      | |  0.5
Earth Magic    | |  0.5
Poison Magic   | |  0.5
Evocations     | |  2.6

Action                   || total
-------------------------++-------
Melee: Short sword       ||    93
       Bite              ||     9
  Use: Potion            ||     6
       Scroll            ||     1
 Stab: Sleeping          ||     4
       Distracted        ||     1
  Eat: Ration            ||     2
Armor: Robe              ||     6
Dodge: Dodged            ||    73

Table legend:
 A = Spawn XP
 B = Non-spawn XP
 C = Spawn XP percentage of total XP
 D = Spawn monster count
 E = Non-spawn monster count
 F = Spawn count percentage of total count
 G = Total turns spent on level
                    A         B        C        D         E        F      G
               +---------+---------+-------+---------+---------+-------+---------
         Total |       0 |      62 |   0.0 |       0 |      37 |   0.0 |  1276
               +---------+---------+-------+---------+---------+-------+---------
           D:1 |       0 |      27 |   0.0 |       0 |      16 |   0.0 |  1028
           D:2 |       0 |      35 |   0.0 |       0 |      21 |   0.0 |   248
               +---------+---------+-------+---------+---------+-------+---------
